 Dungeon Crawl Stone Soup version 0.30-a0-691-g754fce4c43 (webtiles) character file.

Game seed: 813872312644903007

14 ragingrage the Slasher (level 2, 0/21 HPs)
             Began as an Octopode Berserker on Jan 19, 2023.
             Was a Follower of Trog.
             Slain by a hobgoblin
             ... wielding a +0 falchion
              (5 damage)
             ... on level 1 of the Dungeon.
             The game lasted 00:00:19 (91 turns).

ragingrage the Slasher (Octopode Berserker)           Turns: 91, Time: 00:00:20

Health: 0/21       AC:  1    Str: 16    XL:     2   Next: 41%
Magic:  2/2        EV: 13    Int:  9    God:    Trog [*.....]
Gold:   14         SH:  0    Dex: 11    Spells: 1/1 levels left

rFire   . . .      SeeInvis .    a - +0 falchion
rCold   . . .      Faith    .    (no shield)
rNeg    . . .      Spirit   .    (helmet restricted)
rPois   .          Reflect  .    (no amulet)
rElec   .          Harm     .    (no ring)
rCorr   .          Rampage  .    (no ring)
Will    .....                    (no ring)
Stlth   ++                       (no ring)
HPRegen 0.23/turn                (no ring)
MPRegen 0.08/turn                (no ring)
                                 (no ring)
                                 (no ring)

@: on berserk cooldown, slowed, very slow
A: almost no armour, amphibious, 8 rings, camouflage 1, gelatinous body 1,
(nimble swimmer 1), tentacles
a: Renounce Religion, Berserk


You were on level 1 of the Dungeon.
You worshipped Trog.
Trog was aware of your devotion.
You visited 1 branch of the dungeon, and saw 1 of its levels.

You collected 14 gold pieces.

Inventory:

Hand Weapons
 a - a +0 falchion (weapon)
Scrolls
 b - a scroll of blinking
 c - a scroll of enchant armour {unknown}


   Skills:
 - Level 3.0 Fighting
 + Level 3.7 Long Blades
 - Level 3.0 Dodging


You had one spell level left.
You didn't know any spells.
Your spell library was empty.

Dungeon Overview and Level Annotations

Branches:
Dungeon (1/15)

Altars:


Innate Abilities, Weirdness & Mutations

You cannot wear most types of armour.
You are amphibious.
You can wear up to eight rings at the same time.
Your skin changes colour to match your surroundings (Stealth+).
Your rubbery body absorbs attacks. (AC +1, EV +1)
((You are camouflaged when in or above water. (Stealth+)))
You have tentacles for arms and can constrict up to eight enemies at once.


Message History

You kill the hobgoblin!
Trog accepts your kill.
The rat twitches its whiskers.
You slash the dart slug!
You kill the dart slug!
Trog accepts your kill.
Items here: )) ††††††.
You feel a strong urge to attack something.
A goblin comes into view. It is wielding a +0 club.
The goblin shouts!
A hobgoblin comes into view. It is wielding a +0 falchion.
You feel your anger nearly subside.
You are no longer berserk.
You are exhausted.
You feel yourself slow down. The rat bites you.
You see here 9 gold pieces.
The hobgoblin shouts!
You hit the rat. Your grab misses the rat.
The rat is moderately wounded.
The rat barely misses you.
You barely miss the rat. Your grab misses the rat. You squeeze the rat.
You kill the rat!
Trog accepts your kill. The goblin hits you with a +0 club.
The hobgoblin hits you with a +0 falchion!
* * * LOW HITPOINT WARNING * * *
The goblin closely misses you.
Items here: )) ††††††.
You aren't carrying any potions.
Unknown command.
Blink to where?
Press: ? - help, Dir - move target, f - you Are you sure you want to cancel this blink?
Blink to where?
Press: ? - help, Dir - move target
As you read the scroll labelled OKOTAIRUFU, it crumbles to dust.
It was a scroll of blinking.
You hit the hobgoblin but do no damage. Your grab misses the hobgoblin.
Your squeeze misses the hobgoblin.
The hobgoblin hits you with a +0 falchion.
You die...

### #####8#####
###...§.§§§.###
##.....§§§§....##
##......g@§§.....##
#.....####§.......#
.. ##...###
###§.....##
....###...##
##......# #......##
##.....# #####..#
#.....# #.##
##....## #.#
#...<8# #######.#
#....##


You could see a hobgoblin.

Vanquished Creatures
  A dart slug (D:1)
  2 ball pythons (D:1)
  2 bats (D:1)
  2 goblins (D:1)
  2 hobgoblins (D:1)
  A rat (D:1)
10 creatures vanquished.

Notes
Turn   | Place    | Note
-------+----------+-------------------------------------------
     0 | D:1      | ragingrage the Octopode Berserker began the quest for the
                  | Orb.
     0 | D:1      | Reached XP level 1. HP: 16/16 MP: 1/1
    61 | D:1      | Reached XP level 2. HP: 20/21 MP: 2/2
    80 | D:1      | HP: 1/21 [hobgoblin/+0 falchion (7)]
    91 | D:1      | Slain by a hobgoblin

Illustrated notes

Levels and vault maps discovered:
D:1:      heliophobic_arrival_dark_side_of_the_moon, layout_basic,
          shapermc_ecumenical_altar_starsandcircs

Action                   || total
-------------------------++-------
Melee: Falchion          ||    18
       Constrict         ||     4
       Tentacles         ||     3
Invok: Berserk           ||     1
  Use: Scroll            ||     1
Armor: Skin              ||     6
Dodge: Dodged            ||    12

Table legend: (Time is in decaauts)
 A = Elapsed time spent in this place.
 B = Non-inter-level travel time spent in this place.
 C = Inter-level travel time spent in this place.
 D = Time resting spent in this place.
 E = Time spent auto-exploring this place.
 F = Levels seen in this place.
 G = Mean time per level.
                   A        B        C        D        E       F      G
               +--------+--------+--------+--------+--------+-----+--------+
         Total |     99 |     99 |      0 |      0 |     43 |   1 |   99.0 |
       Dungeon |     99 |     99 |      0 |      0 |     43 |   1 |   99.0 |
               +--------+--------+--------+--------+--------+-----+--------+

Top non-repeatable levels by time:
     D:1: 99 daAuts
